AoeStats
← TardySanguine

Runestones

507965228Analyzed
1v1 RM · 13d ago on Sep 20, 2026· 54m 6s· 2 players
Game mode
Random Map
Map size
Tiny (2 player)
Population
200
Speed
Normal
Resources
Standard
Victory
Conquest
Starting age
Dark Age
Ending age
Imperial Age
RankedLock teamsTeams togetherTeam positionsShared explorationLock speedFull tech treeHidden civsTurbo modeCheats
Victory
Defeat
🇦🇷 Bengalis · Argentina
502
+14
🇦🇺 Maya · Australia
466
-14
TardySanguine
3:46 Loom
11:14 Feudal Age
11:44 Double-Bit Axe
19:57 Castle Age
20:03 Horse Collar
20:22 Crossbowman
25:18 Pikeman
30:13 Wheelbarrow
38:49 Imperial Age
38:25 Squires
38:11 Arson
40:55 Bow Saw
40:26 Halberdier
42:15 Hul'che Javelineers
43:43 Man-at-Arms
44:56 Long Swordsman
46:34 Two-Handed Swordsman
49:11 Chemistry
49:13 Elite Skirmisher
THEQUEENSIL
10:45 Feudal Age
14:01 Double-Bit Axe
14:01 Horse Collar
20:05 Castle Age
20:33 Loom
22:25 Husbandry
23:43 Gold Mining
26:42 Forging
29:03 Man-at-Arms
29:30 Gambesons
30:22 Bow Saw
31:15 Iron Casting
30:07 Long Swordsman
32:50 Scale Mail Armor
35:08 Chain Mail Armor
37:03 Wheelbarrow
37:17 Scale Barding Armor
44:24 Imperial Age
42:13 Hand Cart
44:33 Chain Barding Armor
45:33 Two-Handed Swordsman
46:15 Squires
47:47 Heavy Plow
48:54 Two-Man Saw
47:52 Stone Mining
49:42 Blast Furnace
Connection lost

Rejoining the realm…

Still unreachable

The connection could not be restored.

Session expired

The server has moved on; the page needs a fresh start.